Map: Mech Depot LE

Players

FarmCakes - Winner!

  • Race: Terran Terran
  • League: Master
  • Spawn Location: 7:00

Teletubby

  • Race: Terran Terran
  • League: Master
  • Spawn Location: 1:00

VOD

https://go.twitch.tv/videos/186074637

Description

Time

  • Played on: Oct. 28, 2017, 7:56 p.m.
  • Length: 17:30
Show
View Real Time Build Order
Export as new Build Order

FarmCakes Terran - Winner!

Build Orders: Reaper Expand, MMM Bio 

Get SALT Encoding   

  12  0:00  SCV  
  13  0:12  SCV  
  14  0:17  Supply Depot  
  14  0:24  SCV  
  15  0:39  SCV  
  15  0:40  Barracks  
  16  0:44  Refinery  
  16  0:51  SCV  
  17  1:03  SCV  
  18  1:15  SCV  
  19  1:27  Orbital Command  
  19  1:28  Reaper  
  19  1:51  Command Center  
  19  1:53  SCV  
  20  2:01  Supply Depot  
  20  2:02  Barracks Reactor  
  20  2:06  Barracks  
  20  2:09  SCV  
  21  2:21  SCV  
  22  2:33  SCV  
  23  2:40  Marine x2  
  25  2:45  SCV  
  25  2:46  Refinery  
  26  2:52  Barracks Tech Lab  
  26  2:53  Factory  
  26  2:57  SCV  
  26  2:58  Marine x2  
  29  3:03  Orbital Command  
  29  3:09  SCV  
  29  3:11  Marine  
  29  3:12  Stimpack  
  31  3:16  Marine  
  31  3:17  Marine  
  33  3:21  SCV  
  34  3:29  Supply Depot, SCV, Marine  
  34  3:33  Marine, SCV  
  38  3:41  SCV  
  38  3:48  Factory Reactor  
  39  3:49  SCV, Starport  
  39  3:54  SCV, Engineering Bay  
  39  3:55  Marine x2  
  43  4:01  SCV  
  44  4:04  Marine  
  44  4:06  SCV  
  46  4:13  SCV, Marine x2  
  46  4:14  Supply Depot  
  49  4:18  SCV  
  49  4:21  Marine  
  51  4:24  Missile Turret  
  51  4:25  SCV  
  51  4:30  Marine  
  53  4:33  Missile Turret  
  53  4:35  Factory Tech Lab, Marine  
  53  4:36  Medivac  
  53  4:37  SCV  
  57  4:41  Terran Infantry Weapons Level 1  
  57  4:44  SCV  
  58  4:49  Supply Depot  
  58  4:50  Supply Depot  
  58  4:56  Medivac  
  58  4:59  Marine x2  
  62  5:01  Supply Depot  
  62  5:06  SCV  
  61  5:12  Combat Shields  
  54  5:23  Marine x2  
  54  5:24  Marine  
  54  5:25  SCV  
  58  5:31  SCV  
  58  5:33  Refinery  
  58  5:35  Refinery  
  59  5:37  SCV, Engineering Bay  
  60  5:43  SCV  
  60  5:47  Marine  
  60  5:48  Marine x2  
  60  5:49  SCV  
  65  5:56  SCV  
  65  5:57  Supply Depot  
  66  6:01  SCV  
  66  6:05  Marine  
  66  6:06  Marine  
  66  6:07  Terran Infantry Armor Level 1  
  66  6:08  SCV  
  67  6:13  SCV  
  67  6:14  Marine  
  69  6:20  Barracks, SCV  
  69  6:22  Barracks  
  69  6:23  Marine  
  69  6:25  SCV  
  72  6:29  Armory  
  72  6:34  SCV  
  72  6:35  Marine x2  
  72  6:37  Siege Tank  
  78  6:43  SCV  
  78  6:46  SCV  
  80  6:50  Command Center  
  80  6:52  Marine  
  80  6:53  Marine x2  
  83  7:02  SCV x2  
  83  7:05  Supply Depot  
  83  7:06  Supply Depot  
  85  7:09  Siege Tank  
  85  7:10  Marine x2  
  85  7:12  Marine  
  85  7:15  Viking  
  93  7:16  Barracks Reactor  
  93  7:17  Barracks Reactor  
  93  7:21  Terran Infantry Weapons Level 2  
  93  7:26  Viking  
  93  7:28  Marine x2  
  97  7:30  Marine  
  97  7:31  Terran Vehicle Weapons Level 1, SCV x2  
  100  7:38  Supply Depot  
  100  7:43  Supply Depot, SCV  
  101  7:46  Marine x2  
  101  7:48  Marine  
  104  7:51  Marine x2  
  104  7:53  Marine, Siege Tank  
  109  8:03  Medivac x2, Marine  
  109  8:04  Marine x2  
  115  8:09  Orbital Command  
  114  8:14  Marine x2  
  114  8:16  SCV  
  117  8:20  Marine x2  
  117  8:21  Marine  
  117  8:22  Marine  
  111  8:30  Marine  
  111  8:31  Marine  
  111  8:32  Marine  
  111  8:33  Medivac x2  
  108  8:35  SCV x3  
  108  8:38  Marine x2  
  108  8:39  Marine  
  108  8:40  Siege Tank, Marine  
  117  8:47  Terran Infantry Armor Level 2, SCV  
  118  8:48  Marine  
  118  8:49  Marine  
  118  8:50  Marine  
  121  8:56  Marine x2  
  121  8:57  Marine x2  
  124  9:03  Medivac  
  124  9:06  Marine  
  124  9:07  Supply Depot, Marine, SCV x2  
  124  9:08  Supply Depot, Marine  
  131  9:14  Marine x2  
  131  9:15  Marine x2  
  135  9:24  Marine  
  135  9:25  Marine  
  135  9:26  Siege Tank, Marine  
  135  9:28  Medivac  
  135  9:29  Terran Vehicle Weapons Level 2  
  135  9:30  Supply Depot x2  
  143  9:31  Supply Depot  
  143  9:32  Marine x2  
  143  9:33  Medivac, Marine x2  
  148  9:42  Marine  
  148  9:43  Marine x2  
  151  9:49  Marine x2  
  151  9:50  Marine  
  151  9:51  Marine  
  155  9:59  Marine  
  160  10:00  Marine  
  160  10:01  Marine  
  159  10:07  Marine x2  
  159  10:08  Marine  
  160  10:25  Factory, Marine x2  
  160  10:26  Refinery  
  160  10:27  Refinery  
  162  10:28  Marine  
  162  10:29  Marine x2  
  165  10:42  Marine x2  
  163  10:43  Marine x2  
  163  10:46  Marine  
  163  10:47  Barracks x2, Marine x2  
  163  10:48  Barracks  
  168  10:50  Terran Infantry Weapons Level 3  
  166  10:59  Marine x2  
  166  11:01  Marine x2  
  170  11:10  Orbital Command  
  170  11:14  Marine x3  
  170  11:17  Marine x2  
  175  11:18  Marine x2  
  175  11:24  Command Center  
  175  11:25  Refinery  
  177  11:29  Refinery  
  177  11:31  Marine  
  177  11:32  Marine x2  
  160  11:35  Marine x2  
  160  11:36  Marine x2  
  160  11:37  Barracks Reactor x2  
  160  11:38  Barracks Reactor, Starport  
  164  11:49  Marine x3  
  164  11:53  Marine x2  
  168  11:54  Marine  
  168  11:55  Marine  
  163  12:07  Marine x3  
  165  12:11  Marine x2  
  165  12:12  Marine  
  165  12:13  Marine  
  166  12:18  Marine x2  
  162  12:24  Marine x4  
  162  12:25  SCV, Marine x3  
  162  12:28  Marine  
  171  12:37  Marine x5  
  171  12:38  Siege Tank, SCV  
  171  12:40  Planetary Fortress  
  171  12:42  Marine x2  
  182  12:46  Medivac x2  
  186  12:52  Supply Depot, Terran Infantry Armor Level 3  
  186  12:54  Supply Depot, Terran Vehicle Weapons Level 3  
  186  13:02  Marine x8  
  186  13:03  Marine x2  
  196  13:13  Marine x3  
  196  13:19  Marine  
  199  13:24  Siege Tank  
  198  13:31  Marine  
  199  13:43  Starport  
  199  13:46  Marine, Starport  
  199  13:47  Starport  
  200  13:50  Hi-Sec Auto Tracking  
  200  14:22  Command Center  
  155  14:36  Marine x6  
  155  14:37  Marine x6  
  155  14:38  Marine  
  124  14:42  Siege Tank  
  123  14:47  Building Armor  
  119  14:53  Liberator  
  119  14:54  Liberator, Marine x12  
  119  14:55  Starport Reactor x3  
  119  14:56  Marine  
  119  14:58  Fusion Core  
  119  14:59  SCV  
  133  15:02  Refinery x2  
  133  15:11  Marine  
  133  15:12  Marine x11, SCV  
  133  15:14  Marine  
  152  15:15  Siege Tank  
  152  15:17  Liberator x4  
  153  15:29  Marine  
  153  15:30  Marine x10  
  153  15:31  Marine  
  153  15:32  Marine  
  178  15:36  Liberator x2  
  178  15:46  Planetary Fortress  
  178  15:47  Marine, Siege Tank  
  178  15:48  Marine x8  
  188  15:50  Marine  
  188  15:51  Marine x2  
  197  16:02  Command Center  
  196  16:05  Marine x4  
  160  16:28  Marine  
  160  16:29  Marine x2  
  154  16:34  Marine x9  
  163  16:46  Marine  
  163  16:47  Marine x2  
  164  16:51  Marine  
  164  16:52  Marine x8  
  193  17:04  Marine x3  
  196  17:09  Marine  
  196  17:10  Marine x3  
Show
View Real Time Build Order
Export as new Build Order

Teletubby Terran 

Build Orders: Reaper Expand, MMM Bio 

Get SALT Encoding   

  12  0:01  SCV  
  13  0:13  SCV  
  14  0:18  Supply Depot  
  14  0:25  SCV  
  15  0:30  Refinery  
  15  0:39  SCV  
  16  0:46  Barracks  
  16  0:52  SCV  
  17  1:04  SCV  
  18  1:16  SCV  
  19  1:33  Reaper, Orbital Command  
  20  1:49  Command Center  
  20  2:00  Factory  
  19  2:03  SCV  
  19  2:07  Barracks Reactor  
  20  2:14  Refinery  
  20  2:15  SCV  
  21  2:22  Supply Depot  
  21  2:28  SCV  
  22  2:40  SCV  
  23  2:46  Starport  
  23  2:47  Widow Mine  
  23  2:48  Marine  
  23  2:50  Marine  
  27  2:53  SCV  
  28  3:04  Orbital Command  
  28  3:06  SCV  
  29  3:14  Marine  
  29  3:15  Marine  
  29  3:18  SCV  
  32  3:21  Factory Tech Lab  
  32  3:28  Medivac  
  32  3:29  SCV  
  32  3:30  SCV  
  32  3:33  Supply Depot  
  36  3:41  SCV, Marine x2  
  36  3:43  SCV  
  39  3:49  Engineering Bay  
  39  3:52  Factory Tech Lab  
  39  3:56  SCV x2  
  39  3:59  Marine x2  
  43  4:09  Raven  
  45  4:12  SCV x2  
  47  4:22  Siege Tank  
  50  4:26  Barracks, Marine x2  
  50  4:27  Barracks  
  50  4:28  SCV x2  
  54  4:34  Terran Infantry Weapons Level 1  
  54  4:43  Missile Turret  
  54  4:46  Supply Depot  
  54  4:51  Supply Depot  
  54  5:08  Siege Tank, SCV x2, Marine x2  
  58  5:22  SCV x2  
  58  5:27  Barracks Reactor  
  55  5:28  Barracks  
  55  5:31  Starport Reactor, Refinery  
  55  5:33  Refinery, Barracks  
  55  5:34  SCV x2  
  57  5:40  Marine, Missile Turret  
  57  5:42  Marine x2, Stimpack  
  60  5:50  SCV x2  
  62  5:58  Supply Depot, Marine  
  62  5:59  Supply Depot  
  62  6:00  Marine  
  62  6:02  SCV x2  
  66  6:06  Marine x3  
  66  6:08  Siege Tank  
  70  6:17  Barracks Reactor  
  70  6:20  Viking x2, Marine  
  70  6:21  Barracks Reactor  
  70  6:22  Supply Depot  
  75  6:31  Marine x3  
  75  6:32  Marine  
  79  6:37  Marine  
  80  6:40  Siege Tank  
  82  6:49  Marine x2  
  82  6:50  Medivac  
  86  6:59  Marine x6  
  86  7:00  Marine  
  93  7:03  Supply Depot  
  93  7:04  Command Center  
  93  7:07  Supply Depot  
  93  7:11  Terran Infantry Armor Level 1  
  93  7:24  Medivac, Siege Tank  
  93  7:26  Marine x4  
  93  7:28  Marine x5  
  107  7:42  Combat Shields  
  107  7:44  Armory, Engineering Bay  
  107  7:50  Supply Depot  
  107  7:51  Supply Depot  
  107  7:55  Marine x3  
  110  8:11  Marine x4  
  110  8:12  Supply Depot, Medivac x2, Marine x2  
  120  8:15  Supply Depot  
  120  8:16  Supply Depot  
  120  8:20  SCV x2  
  122  8:27  Marine x3  
  122  8:32  Marine x2, SCV  
  128  8:36  Marine x2  
  128  8:37  Marine x2  
  132  8:45  Planetary Fortress  
  132  8:55  Marine x4  
  129  8:56  Terran Infantry Weapons Level 2  
  132  9:04  Sensor Tower  
  132  9:06  Marine x4  
  136  9:10  Siege Tank  
  137  9:19  Viking x2, Marine x5  
  146  9:25  SCV x3  
  146  9:27  Terran Infantry Armor Level 2  
  149  9:33  Supply Depot  
  149  9:34  Supply Depot  
  149  9:37  SCV x2  
  151  9:42  Marine x5  
  151  9:43  Marine  
  155  9:49  Marine x3  
  156  9:59  Marine  
  156  10:00  Marine x3  
  156  10:05  Marine x2  
  160  10:07  Marine x2  
  145  10:18  Command Center  
  145  10:27  Refinery, Marine x8  
  145  10:28  Refinery, Siege Tank  
  155  10:36  Factory  
  155  10:38  Barracks Reactor  
  133  10:45  Marine  
  133  10:46  Marine x4  
  138  10:55  Medivac x2  
  140  10:57  Marine x3  
  140  10:59  Terran Vehicle Weapons Level 1  
  140  11:00  Siege Tank  
  144  11:23  Marine  
  144  11:24  Marine x3  
  141  11:27  Marine  
  141  11:29  Marine  
  141  11:32  Siege Tank  
  128  11:36  Marine  
  128  11:37  Marine x3  
  128  11:38  Siege Tank  
  128  11:39  Medivac x2  
  139  11:41  Marine  
  139  11:43  Terran Infantry Weapons Level 3  
  139  11:44  Supply Depot  
  139  11:45  Terran Infantry Armor Level 3  
  140  11:51  Supply Depot  
  140  11:52  Liberator  
  138  12:00  Marine  
  134  12:04  Siege Tank  
  134  12:05  Marine  
  134  12:06  Marine  
  135  12:11  Marine x2  
  133  12:23  Marine  
  133  12:24  Marine  
  133  12:26  Marine  
  133  12:29  Marine  
  137  12:30  Siege Tank  
  137  12:34  Marine  
  137  12:35  Marine x2  
  137  12:36  Siege Tank  
  141  12:53  Medivac  
  141  12:54  Medivac  
  141  12:56  Marine x3  
  141  12:57  Marine x6  
  149  13:00  Marine  
  150  13:14  Marine  
  151  13:32  Marine x3  
  154  13:43  Marine x7  
  154  13:44  Siege Tank x2  
  167  13:50  Marine x3  
  170  14:01  Marine x4  
  170  14:02  Marine x3  
  163  14:08  Marine x3  
  167  14:18  Marine  
  167  14:19  Marine x2  
  167  14:20  Siege Tank x2, Marine  
  177  14:29  Marine  
  177  14:30  Marine x2  
  177  14:31  Marine x2  
  151  14:32  Marine  
  151  14:36  Marine x2  
  151  14:37  Marine x2  
  116  14:47  Marine  
  116  14:48  Marine x4  
  116  14:49  Marine  
  120  14:59  Marine x4  
  124  15:18  Marine  
  124  15:19  Siege Tank, Marine x8  
  136  15:24  Orbital Command  
  129  15:29  Marine  
  125  15:44  Marine  
  125  15:45  Marine x7  
  129  15:52  Siege Tank x2  
  135  15:58  Marine x2  
  135  16:02  Marine x2  
  135  16:03  Marine x2  
  141  16:04  Marine x2  
  141  16:09  Marine x2  
  145  16:16  Marine  
  146  16:19  Marine  
  146  16:20  Marine x2  
  112  16:33  Marine x3  
  112  16:39  Marine x3  
  112  16:40  Medivac x2, Marine x2  
  112  16:41  Siege Tank  
  112  16:42  Marine, Siege Tank  
  107  16:51  Marine x2  
  102  17:09  Marine x3  
  102  17:10  Marine x7  
Tags
 
Add a new tag
Caveats
  • Supply blocks, unpowered buildings, or Contaminate may cause inaccurate times.
  • Supply counts are checked every 10 seconds.